 Dungeon Crawl Stone Soup version 0.26-a0-26-ge22fd8933b (webtiles) character file.

Game seed: 15893022323929948762, levelgen mode: deterministic

11276 Essalna the Nimble (level 11, -21/130 HPs)
             Began as a Merfolk Ice Elementalist on May 27, 2020.
             Was an Elder of Vehumet.
             Demolished by a white ugly thing (25 damage)
             ... in an ice cave.
             The game lasted 00:43:37 (12046 turns).

Essalna the Nimble (Merfolk Ice Elementalist)      Turns: 12046, Time: 00:43:37

Health: -21/130    AC: 25    Str:  8    XL:     11   Next: 75%
Magic:  31/31      EV:  2    Int: 17    God:    Vehumet [****..]
Gold:   885        SH:  5    Dex: 16    Spells: 14/25 levels left

rFire    . . .     SeeInvis .   n - +5 trident (holy)
rCold    . . .     Gourm    .   w - +0 buckler
rNeg     + + +     Faith    .   (armour currently unavailable)
rPois    +         Spirit   .   (helmet currently unavailable)
rElec    .         Reflect  .   (cloak currently unavailable)
rCorr    .         Harm     .   (gloves currently unavailable)
MR       .....     NoTele   +   (boots currently unavailable)
Stlth    ++........             C - amulet of the acrobat
HPRegen  0.31/turn              h - ring of magical power
MPRegen  0.22/turn              (no ring)

@: tree-form
A: (change form in water), (swift swim), (stealthy swim)
a: Renounce Religion


You were in an ice cave.
You worshipped Vehumet.
Vehumet was greatly pleased with you.
You were near starving.
You were a tree.
You visited 3 branches of the dungeon, and saw 12 of its levels.
You also visited: Bailey and Ice Cave.

You collected 885 gold pieces.

Inventory:

Hand Weapons
 n - a +5 trident of holy wrath (weapon)
Armour
 i - a scarf of repulsion
 l - a +2 hat (melded)
 q - a +1 leather armour of fire resistance (melded)
 s - the cursed +0 cloak of Weirdness (melded) {+Inv Regen+ Str+4 Dex+3}
   (You found it in a bailey)

   It affects your strength (+4).
   It affects your dexterity (+3).
   It lets you turn invisible.
   It increases your rate of regeneration.
   It has a curse placed upon it.
 w - a +0 buckler (worn)
 D - a +0 pair of gloves (melded)
 I - a +2 robe of the Archmagi
 K - a +0 pair of boots (melded)
Magical Staves
 L - an uncursed staff of earth {unknown}
Jewellery
 h - a ring of magical power (left branch)
 o - the amulet "Naczuk" {Regen+ Str+4 Int-4 Stlth+}
   (You found it on level 6 of the Dungeon)

   [amulet of regeneration]

   It affects your strength (+4).
   It affects your intelligence (-4).
   It increases your rate of regeneration.
   It makes you more stealthy.
 C - an amulet of the acrobat (around neck)
Wands
 j - a wand of acid (16)
Scrolls
 b - 7 scrolls of enchant armour
 d - 6 scrolls of remove curse
 p - 4 scrolls of teleportation
 y - 3 scrolls of fog
 F - 3 scrolls of blinking
Potions
 e - 4 potions of lignification
 k - 2 potions of heal wounds
 m - a potion of resistance
 r - 2 potions of brilliance {unknown}
 t - a potion of degeneration {unknown}
 u - 2 potions of stabbing {unknown}
 v - 4 potions of curing {unknown}
 x - 2 potions of cancellation {unknown}
 B - a potion of ambrosia
Comestibles
 c - 12 rations


   Skills:
 + Level 8.4 Fighting
 + Level 10.4 Polearms
 - Level 3.0 Armour
 + Level 10.6 Dodging
 - Level 2.1 Stealth
 - Level 4.0 Shields
 + Level 7.5 Spellcasting
 + Level 9.7 Ice Magic


You had 14 spell levels left.
You knew the following spells:

 Your Spells              Type           Power        Failure   Level  Hunger
a - Freeze                Ice            ####         1%          1    None
b - Frozen Ramparts       Ice            #####.       1%          3    ##.....
c - Hailstorm             Conj/Ice       ###.....     4%          4    ####...
d - Ozocubu's Armour      Chrm/Ice       ###.....     4%          3    ##.....

Your spell library contained the following spells:

 Spells                   Type           Power        Failure   Level  Hunger
 Airstrike                Air            #.........   28%         4    ####...
 Ignite Poison            Fire/Tmut/Pois #.......     9%          3    ##.....
 Inner Flame              Hex/Fire       #.......     9%          3    ##.....
 Mephitic Cloud           Conj/Pois/Air  #.......     9%          3    ##.....
 Apportation              Tloc           #.....       11%         1    None
 Corona                   Hex            #......      11%         1    None
 Sting                    Tmut/Pois      #...         11%         1    None
 Summon Butterflies       Summ           #.......     11%         1    None
 Summon Ice Beast         Ice/Summ       ###.....     14%         4    ####...
 Poisonous Vapours        Pois/Air       #.....       17%         2    None
 Slow                     Hex            #.......     17%         2    None
 Olgreb's Toxic Radiance  Pois           #.......     28%         4    ####...
 Lesser Beckoning         Tloc           #.........   32%         3    ##.....
 Portal Projectile        Hex/Tloc       #.....       32%         3    ##.....
 Tukima's Dance           Hex            #.......     32%         3    ##.....
 Cause Fear               Hex            #.........   73%         4    ####...
 Leda's Liquefaction      Hex/Erth       #.........   73%         4    ####...
 Alistair's Intoxication  Tmut/Pois      #.......     97%         5    #####..
 Invisibility             Hex            #.......     100%        6    #######


Dungeon Overview and Level Annotations

Branches:
Dungeon (9/15)             Temple (1/1) D:6            Lair (2/6) D:9
 Bailey (visited)           IceCv (1/1)
  Swamp: Lair:2-4    Shoals: Lair:2-4     Snake: Lair:2-4    Spider: Lair:2-4
    Orc: D:9-12

Altars:
Ashenzari
Dithmenos
Gozag
Hepliaklqana
Kikubaaqudgha
Makhleb
Okawaru
Ru
Sif Muna
Trog
Vehumet
Wu Jian
The Shining One

Shops:
D:5 ?   D:8 :   D:9 %


Message History

You puncture the white ugly thing!
The white ugly thing is almost dead.
You completely miss the white ugly thing.
The white ugly thing is almost dead.
The white ugly thing engulfs you.
* * * LOW HITPOINT WARNING * * *
The white ugly thing freezes you!
* * * LOW HITPOINT WARNING * * *
You hit the white ugly thing.
The white ugly thing is almost dead.
The white ugly thing engulfs you but does no damage.
You hit the white ugly thing.
The white ugly thing is almost dead.
The white ugly thing engulfs you but does no damage.
You hit the white ugly thing but do no damage.
The white ugly thing is almost dead.
The white ugly thing engulfs you.
* * * LOW HITPOINT WARNING * * *
The white ugly thing freezes you!!
You die...

####### #######
#.....## ##.....# .
#......###.....(# ..
#.......#.......#...
#.......#.......#...
#.∩♣u∩..............
#.......#.......#...
#.......#.......#...
#......###.....)# ..
#.....## ##.../.# ..
####### ####### #


You could see a white ugly thing.

Vanquished Creatures
  Erica (D:8)
  A vampire mage (D:9)
  2 orc knights (Bailey)
  A komodo dragon (Lair:1)
  A rime drake (Lair:2)
  4 hippogriffs
  A wyvern (Lair:1)
  5 yaks (Lair:1)
  4 water moccasins
  5 porcupines
  10 orc warriors
  14 ice beasts
  A phantom (D:4)
  3 sky beasts
  2 black bears
  2 ogres
  2 centaurs
  2 crocodiles
  A big kobold (D:9)
  7 bullfrogs
  A water moccasin zombie (D:8)
  A scorpion (D:9)
  6 killer bees (D:8)
  4 howler monkeys
  7 wights
  A quasit (D:8)
  A bullfrog zombie (D:7)
  4 crimson imps
  4 hounds
  2 jellies (D:9)
  A bullfrog skeleton (D:8)
  9 orc wizards
  7 orc priests
  3 centaur skeletons
  3 iguanas
  9 worker ants
  A killer bee zombie (D:7)
  A hound zombie (D:5)
  A hound skeleton (D:8)
  2 howler monkey skeletons
  A worker ant zombie (D:6)
  4 gnolls (D:5)
  11 adders
  3 shadow imps
  An adder skeleton (D:9)
  3 worms
  2 dart slugs (D:1)
  7 leopard geckos
  46 orcs
  2 ball pythons
  10 giant cockroaches
  4 goblins
  7 hobgoblins
  12 jackals
  3 quokkas
  10 bats
  6 frilled lizards
  A giant cockroach zombie (D:6)
  A goblin skeleton (D:5)
  A goblin zombie (D:5)
  5 hobgoblin zombies (D:5)
  A jackal zombie (D:5)
  13 kobolds
  2 kobold skeletons (D:5)
  A leopard gecko skeleton (D:7)
  2 orc zombies (D:5)
  7 rats
303 creatures vanquished.

Vanquished Creatures (others)
  2 fungi
2 creatures vanquished.

Grand Total: 305 creatures vanquished

Notes
Turn   | Place    | Note
-------+----------+-------------------------------------------
     0 | D:1      | Essalna the Merfolk Ice Elementalist began the quest for
                  | the Orb.
     0 | D:1      | Reached XP level 1. HP: 13/13 MP: 3/3
   150 | D:1      | Reached XP level 2. HP: 16/20 MP: 1/5
   444 | D:1      | Reached skill level 1 in Fighting
   571 | D:1      | Reached XP level 3. HP: 26/26 MP: 3/6
  1533 | D:2      | Reached XP level 4. HP: 29/32 MP: 7/7
  1616 | D:2      | Found an ornate altar of the Wu Jian Council.
  1695 | D:2      | Found a hazy altar of Hepliaklqana.
  1764 | D:2      | Learned a level 3 spell: Frozen Ramparts
  1976 | D:2      | Found a sacrificial altar of Ru.
  2110 | D:3      | Found an opulent altar of Gozag.
  2300 | D:3      | Reached skill level 5 in Ice Magic
  2707 | D:3      | Reached skill level 1 in Polearms
  2707 | D:3      | Reached XP level 5. HP: 35/38 MP: 9/9
  3043 | D:4      | Noticed a phantom
  3240 | D:4      | Reached XP level 6. HP: 46/46 MP: 10/10
  3359 | D:4      | Killed a phantom
  3824 | D:4      | Reached skill level 5 in Dodging
  3824 | D:4      | Reached XP level 7. HP: 32/52 MP: 12/12
  4079 | D:5      | Entered Level 5 of the Dungeon
  4137 | D:5      | Found Naodin's Magic Scroll Emporium.
  4842 | D:5      | Found an ancient bone altar of Kikubaaqudgha.
  4860 | D:5      | Found a glowing golden altar of the Shining One.
  5360 | D:6      | Reached XP level 8. HP: 60/60 MP: 14/14
  5476 | D:6      | Found a staircase to the Ecumenical Temple.
  5517 | Temple   | Entered the Ecumenical Temple
  5711 | Temple   | Became a worshipper of Vehumet
  5902 | D:6      | Reached skill level 5 in Polearms
  6070 | D:6      | Found a bloodstained altar of Trog.
  6260 | D:6      | Got a pitted sapphire amulet
  6398 | D:6      | Found a burning altar of Makhleb.
  6529 | D:7      | Reached skill level 5 in Fighting
  6563 | D:7      | Reached skill level 5 in Spellcasting
  6601 | D:7      | Found a shadowy altar of Dithmenos.
  6629 | D:7      | Identified the amulet "Naczuk" {Regen+ Str+4 Int-4 Stlth+}
                  | (You found it on level 6 of the Dungeon)
  6748 | D:7      | Found a flagged portal.
  6750 | D:7      | Noticed a hippogriff
  6773 | D:7      | Killed a hippogriff
  6773 | D:7      | Reached skill level 1 in Shields
  6773 | D:7      | Reached XP level 9. HP: 32/68 MP: 16/16
  6782 | Bailey   | Entered a bailey
  7024 | Bailey   | Learned a level 4 spell: Hailstorm
  7358 | Bailey   | Reached * piety under Vehumet
  7358 | Bailey   | Offered knowledge of Foxfire by Vehumet.
  7426 | Bailey   | Noticed an orc knight
  7426 | Bailey   | Noticed an orc knight
  7913 | Bailey   | Killed an orc knight
  7926 | Bailey   | Killed an orc knight
  8016 | Bailey   | Got a dazzling cloak
  8027 | Bailey   | Identified the cursed +0 cloak of Weirdness {+Inv Regen+
                  | Str+4 Dex+3} (You found it in a bailey)
  8103 | Bailey   | Reached XP level 10. HP: 63/77 MP: 18/18
  8567 | D:8      | Reached ** piety under Vehumet
  8567 | D:8      | Offered knowledge of Magic Dart by Vehumet.
  8611 | D:8      | Found Rynacvoss's Book Shop.
  8664 | D:8      | Noticed Erica
  8679 | D:8      | Reached skill level 1 in Armour
  8711 | D:8      | Killed Erica
  9042 | D:8      | Offered knowledge of Static Discharge by Vehumet.
  9684 | D:9      | Noticed a vampire mage
  9712 | D:9      | Killed a vampire mage
  9986 | D:9      | Reached *** piety under Vehumet
 10052 | D:9      | Reached XP level 11. HP: 56/84 MP: 21/21
 10144 | D:9      | Found Bolokeap's Food Shoppe.
 10279 | D:9      | Offered knowledge of Dazzling Flash by Vehumet.
 10354 | D:9      | Found a staircase to the Lair.
 10615 | D:9      | Found an iron altar of Okawaru.
 10709 | Lair:1   | Entered Level 1 of the Lair of Beasts
 10947 | Lair:1   | Reached skill level 10 in Dodging
 10970 | Lair:1   | Reached **** piety under Vehumet
 11388 | Lair:1   | Reached skill level 10 in Polearms
 11402 | Lair:1   | Offered knowledge of Airstrike by Vehumet.
 11780 | Lair:2   | Found a frozen archway.
 11890 | IceCv    | Entered an ice cave
 11981 | IceCv    | Noticed a white ugly thing
 12013 | IceCv    | Learned a level 3 spell: Ozocubu's Armour
 12043 | IceCv    | HP: 6/130 [white ugly thing (17)]
 12046 | IceCv    | Demolished by a white ugly thing

Illustrated notes

Levels and vault maps discovered:
D:1:      sevenhm_arrival_forest_fort_small_4, layout_basic, serial_glass,
          glass_columns_c, glass_columns_a
D:2:      layout_rooms, nicolae_overflow_hidden_temple, old_standard_altar,
          chequers_serial_rivers_small_b, nicolae_ru_awakened_eye
D:3:      layout_loops_cross, grunt_gozag_statues
D:4:      layout_rooms, first_ration, minmay_misc_feat_pillars
D:5:      layout_loops_corners, kiku_gazebo_pond_becter,
          nicolae_tso_besieged_by_evil, serial_shops, shop_fountains,
          minmay_misc_feat_cross, kennysheep_big_empty_room
D:6:      layout_loops_ring, kennysheep_mini, overflow_temple_1_default,
          minmay_temple_entry_trees, serial_bayou_crossing
D:7:      layout_rooms, old_standard_altar, enter_bailey_2
D:8:      layout_layer_cave, serial_shops, shop_coins, uniq_erica
D:9:      layout_roguey, lemuel_coloured_pillars_altar,
          grunt_lair_entry_orc_guard_hut, serial_shops, kennysheep_little_box,
          minmay_librarian
Temple:   oiseaux_autumnal_temple
Lair:1:   layout_roguey, st_stairs_10, serial_bayou_pond_e
Lair:2:   layout_cave_pods, portal_ice_cave_entry_ice_beasts
IceCv:    ice_cave_statue_garden_chambered

Skill      XL: |  1  2  3  4  5  6  7  8  9 10 11 |
---------------+----------------------------------+-----
Dodging        | 3 4 5 7 8 9 10 | 10.6
Fighting       | 1 2 3 4 5 6 7 8 |  8.4
Ice Magic      | 5 6 7 8 9 |  9.7
Polearms       | 1 2 3 4 6 7 9 10 | 10.4
Spellcasting   | 3 4 5 6 7 |  7.5
Shields        | 1 3 4 |  4.0
Armour         | 2 3 |  3.0
Stealth        | |  2.1

Action                   |  1- 3 |  4- 6 |  7- 9 | 10-12 || total
-------------------------+-------+-------+-------+-------++-------
Melee: Unarmed           |    16 |     2 |       |       ||    18
       Trident           |       |    97 |   189 |   425 ||   711
 Cast: Freeze            |    70 |    21 |    21 |     5 ||   117
       Frozen Ramparts   |       |    10 |    25 |    39 ||    74
       Ozocubu's Armour  |       |       |       |     1 ||     1
Evoke: Wand              |       |       |     2 |       ||     2
  Use: Scroll            |       |       |    13 |     7 ||    20
       Potion            |       |       |       |     3 ||     3
 Stab: Sleeping          |       |     7 |     7 |     3 ||    17
       Distracted        |       |     1 |     2 |       ||     3
  Eat: Chunk             |     3 |     7 |    15 |    14 ||    39
Armor: Robe              |    12 |    15 |    15 |       ||    42
       Leather armour    |       |       |       |    51 ||    51
       Skin              |       |       |       |     4 ||     4
Dodge: Dodged            |    63 |    58 |    98 |   214 ||   433
       Repelled          |       |       |     6 |       ||     6
Block: Buckler           |       |       |     6 |    73 ||    79

Table legend:
 A = Non-vault XP
 B = Vault XP
 C = Vault XP percentage of total XP
 D = Non-vault monster count
 E = Vault monster count
 F = Vault count percentage of total count
                 A         B        C        D         E       F
            +---------+---------+-------+---------+---------+-------
      Total |    9385 |    6724 |  41.7 |     246 |      57 |  18.8
            +---------+---------+-------+---------+---------+-------
        D:1 |      58 |       0 |   0.0 |      34 |       0 |   0.0
        D:2 |      47 |       0 |   0.0 |      16 |       0 |   0.0
        D:3 |      88 |       0 |   0.0 |      19 |       0 |   0.0
        D:4 |     518 |       0 |   0.0 |      19 |       0 |   0.0
        D:5 |     413 |      22 |   5.1 |      21 |      12 |  36.4
        D:6 |     854 |       0 |   0.0 |      24 |       0 |   0.0
        D:7 |     867 |       0 |   0.0 |      19 |       0 |   0.0
        D:8 |    1792 |     950 |  34.6 |      45 |       1 |   2.2
        D:9 |    1357 |    1604 |  54.2 |      32 |       7 |  17.9
     Lair:1 |    2633 |     359 |  12.0 |      14 |       2 |  12.5
     Lair:2 |     758 |     913 |  54.6 |       3 |       7 |  70.0
     Bailey |       0 |    2084 | 100.0 |       0 |      22 | 100.0
      IceCv |       0 |     792 | 100.0 |       0 |       6 | 100.0
            +---------+---------+-------+---------+---------+-------
